cohdb
Replays
Latest Replays
All Replays
Popular Replays
Top Player Replays
Match Explorer
How It Works
Community
CoH3 Stats
Reddit
Sign in to upload your games and track your stats! →
Sign in with Steam
Match 46801112
Unlisted
Match 46801112
Overview
Messages
Build Orders
End
Selects Armored Battlegroup
Selects Armored Battlegroup
Selects Assault Engineers
Assault Engineer Squad
Assault Engineer Squad
Assault Engineer Squad
Assault Engineer Squad
Infantry Support Center
Construct Weapon Support Center
Selects Fast Deploy
M3 Armored Personnel Carrier
Construct Medical Station
Jesulin
UMirinBrah?
0
0
Comments
sign in to comment!
No comments posted yet!